 Dungeon Crawl Stone Soup version 0.21.0-22-g11d5b52 (webtiles) character file.

228638 mopl the Black Belt (level 19, -2/149 HPs)
             Began as a Barachi Transmuter on Jan 18, 2018.
             Was the Champion of Cheibriados.
             Shot with an arrow by a deep elf archer (30 damage)
             ... on level 1 of the Vaults.
             The game lasted 01:57:59 (36898 turns).

mopl the Black Belt (Barachi Transmuter)           Turns: 36898, Time: 01:57:59

Health: -2/149     AC:  8    Str: 28    XL:     19   Next: 42%
Magic:  0/34       EV: 24    Int: 34    God:    Cheibriados [******]
Gold:   2836       SH:  0    Dex: 29    Spells: 3/40 levels left

rFire    + . .     SeeInvis +     - Unarmed
rCold    . . .     Gourm    .   (no shield)
rNeg     . . .     Faith    .   K - +0 troll leather armour
rPois    +         Spirit   +   E - +0 hat {MR+}
rElec    .         Reflect  .   L - +0 cloak
rCorr    +         Harm     .   X - +2 pair of gloves "Mytel" {rPois SInv}
MR       ++...                  (no boots)
Stlth    ++........             o - amulet of guardian spirit
HPRegen  0.74/turn              w - ring of resist corrosion
MPRegen  0.24/turn              T - ring of protection from fire

@: very slow
A: +LOS, swims, slowness 1, strong legs 2
}: 1/15 runes: gossamer
a: Hop, Bend Time, Temporal Distortion, Slouch, Step From Time, Renounce
Religion


You were on level 1 of the Vaults.
You worshipped Cheibriados.
Cheibriados was exalted by your worship.
You were not hungry.

You visited 7 branches of the dungeon, and saw 33 of its levels.
You also visited: Ossuary and Ice Cave.

You collected 3858 gold pieces.
You spent 1022 gold pieces at shops.

Inventory:

Hand Weapons
 q - the +8 broad axe "Killer Bee's Doom" {flame, rElec rF- MR+}
   (You found it on level 3 of the Swamp)

   It has been specially enchanted to burn those struck by it, causing extra
   injury to most foes and up to half again as much damage against particularly
   susceptible opponents.
   Big, fiery blades are also staple armaments of hydra-hunters.
   It makes you vulnerable to fire.
   It insulates you from electricity.
   It affects your resistance to hostile enchantments.
Missiles
 a - 747 arrows
 m - 15 tomahawks (quivered)
 M - 2 throwing nets
Armour
 E - a +0 hat of magic resistance (worn)
 K - a +0 troll leather armour (worn)
 L - a +0 cloak (worn)
 X - the +2 pair of gloves "Mytel" (worn) {rPois SInv}
   (You found it on level 3 of the Swamp)

   It protects you from poison.
   It lets you see invisible.
 Y - a +2 robe of resistance
Jewellery
 i - an uncursed ring of see invisible
 j - an uncursed ring of positive energy
 l - an uncursed ring of poison resistance
 o - an amulet of guardian spirit (around neck)
 w - a ring of resist corrosion (left hand)
 y - an uncursed ring of protection from magic
 T - a ring of protection from fire (right hand)
Wands
 b - a wand of disintegration (22)
 k - a wand of polymorph (41)
 x - a wand of clouds (8)
 D - a wand of acid (11)
 F - a wand of enslavement (10)
 S - a wand of digging (52)
 U - a wand of scattershot (5)
 W - a wand of paralysis (52)
Scrolls
 e - 3 scrolls of silence {!r}
 f - 9 scrolls of blinking
 n - 11 scrolls of remove curse
 u - 5 scrolls of fog
 v - 12 scrolls of fear
 z - 17 scrolls of identify
 A - 23 scrolls of teleportation
 I - 3 scrolls of vulnerability
 Q - 4 scrolls of magic mapping
Potions
 c - 3 potions of flight
 g - 10 potions of agility
 h - 17 potions of curing
 p - a potion of heal wounds
 r - 2 potions of magic
 s - 3 potions of invisibility
 C - 3 potions of resistance
 G - 8 potions of lignification {!q}
 H - a potion of might
 P - a potion of cancellation
 Z - 3 potions of ambrosia
Miscellaneous
 B - a fan of gales
 V - a sack of spiders
Comestibles
 d - 52 rations


   Skills:
 + Level 13.2 Fighting
 + Level 11.4 Throwing
 + Level 11.2 Dodging
 + Level 18.1 Unarmed Combat
 + Level 11.1 Spellcasting
 - Level 5.0 Conjurations
 - Level 5.0 Hexes
 - Level 12.0 Transmutations
 - Level 4.0 Ice Magic
 - Level 5.0 Earth Magic
 - Level 2.0 Poison Magic
 * Level 13.7 Invocations
 + Level 7.3 Evocations


You had 3 spell levels left.
You knew the following spells:

 Your Spells              Type           Power        Failure   Level  Hunger
a - Confusing Touch       Hex            ######       1%          1    None
b - Spider Form           Tmut/Pois      ######....   1%          3    None
c - Blade Hands           Tmut           #######...   1%          5    ##.....
d - Ice Form              Ice/Tmut       ######..     1%          4    None
h - Hydra Form            Tmut           #######...   2%          6    ####...
i - Irradiate             Conj/Tmut      ######....   2%          5    ##.....
p - Passwall              Tmut/Erth      ######....   1%          2    None
w - Sticks to Snakes      Tmut           #######.     1%          2    None
y - Yara's Violent Unrav  Hex/Tmut       ######....   2%          5    ##.....
P - Petrify               Tmut/Erth      ######..     1%          4    None


Dungeon Overview and Level Annotations

Branches:
Dungeon (15/15)            Temple (1/1) D:7            Lair (6/6) D:9
  Swamp (4/4) Lair:3       Spider (4/4) Lair:4        Slime (0/5) Lair:5
    Orc (2/2) D:12            Elf (0/3) Orc:2        Vaults (1/5) D:14
 Depths (0/5) D:15

Altars:
Ashenzari
Cheibriados
Dithmenos
Elyvilon
Fedhas
Gozag
Hepliaklqana
Kikubaaqudgha
Makhleb
Nemelex Xobeh
Okawaru
Qazlal
Ru
Sif Muna
Trog
Uskayaw
Vehumet
Wu Jian
Xom
Yredelemnul
Zin
The Shining One
Beogh

Shops:
D:4 (   D:12 *   D:13 %?}%   Orc:1 ?   Orc:2 ??}?%*[(*

Annotations:
Swamp:4 bb with SF


Innate Abilities, Weirdness & Mutations

Shadows flee at your approach. (+LOS)
You can swim through water.
You cover ground slowly.
You can hop long distances.


Message History

Aim: a deep elf archer, wielding a short sword and wearing a leather armour (repelling missiles)
You create a blast of flame!
The deep elf archer is engulfed in blazing flames. x2
The deep elf archer unwields an uncursed short sword.
The deep elf archer wields an uncursed shortbow of freezing.
It is covered in frost.
The deep elf archer shoots an arrow.
The arrow hits you!!
* * * LOW HITPOINT WARNING * * *
The arrow freezes you!
* * * LOW HITPOINT WARNING * * *
Unknown command.
You feel much better.
The deep elf archer is engulfed in blazing flames.
The deep elf archer unwields an uncursed enchanted longbow.
The deep elf archer wields an uncursed short sword.
The deep elf archer hits you with an uncursed short sword!
* * * LOW HITPOINT WARNING * * *
The deep elf archer is engulfed in blazing flames.
The deep elf archer shoots an arrow.
The arrow hits you!!
You die...

... (.. '##'#######
...e......# ....((....#
.....((...##########
.......(..#.....(..#########
.......().#........#........
.......(.)#@§§(....#...∩..#.
........§e§(e§§§§..'....##..
......§§§§#)§§§§§..#....##..
......§§§§#..§§§§..#........
......§§§.#######+##########
########### #......#
#......# #......# #......#


You could see 2 deep elf archers.

Vanquished Creatures
  Asterion (Spider:2)
  Agnes (Spider:4)
  Gastronok (D:8)
  A thorn hunter (Swamp:3)
  Kirke (Lair:4)
  An orc warlord (D:12)
  2 vault wardens (Vaults:1)
  A ghost moth (Spider:4)
  5 emperor scorpions
  2 stone giants
  4 ironheart preservers (Vaults:1)
  Nessos (D:12)
  3 entropy weavers
  3 spark wasps (Spider:4)
  A fire dragon (Lair:6)
  A great orb of eyes (Vaults:1)
  Josephine (Lair:3)
  4 yaktaur captains
  2 ice dragons (IceCv)
  2 ogre magi (Vaults:1)
  Fannar (Lair:2)
  9 hydras
  2 ghost crabs
  A catoblepas (Lair:6)
  12 two-headed ogres
  4 centaur warriors
  5 death yaks (Lair:6)
  2 alligators
  8 death scarabs (Spider:4)
  Urug (D:13)
  2 death knights (D:15)
  3 orc high priests (Orc:2)
  A deep elf knight (Vaults:1)
  4 skeletal warriors
  4 unseen horrors
  The ghost of 4thArraOfDagon the Covert, a novice FeAE (Lair:1)
  4 ironbrand convokers (Vaults:1)
  A lindwurm (Lair:6)
  13 orb spiders
  6 swamp dragons
  5 spectral wolf spiders (Spider:4)
  7 deep elf archers (Vaults:1)
  A wizard (Vaults:1)
  Pikel (D:7)
  7 orc knights
  A necromancer (Spider:2)
  11 wolf spider zombies
  3 oklob plants (Lair:3)
  25 wolf spiders
  5 orc sorcerers
  A salamander (shapeshifter) (D:13)
  2 cyclopes (D:15)
  5 deep elf magi
  12 ugly things
  16 elephants
  3 moths of wrath
  2 molten gargoyles (Lair:6)
  2 ice statues (IceCv)
  3 vault sentinels (Vaults:1)
  Maurice (D:8)
  7 black mambas
  5 spectral redbacks (Spider:4)
  2 torpor snails
  3 gargoyles
  12 spiny frogs
  14 yaktaurs
  2 swamp worm zombies (Swamp:4)
  17 demonic crawlers
  An efreet (D:14)
  3 rime drakes
  13 komodo dragons
  10 redback zombies
  6 trolls
  48 jumping spiders
  6 meliai
  A queen bee (Lair:4)
  7 polar bears
  A troll (shapeshifter) (Vaults:1)
  A fire giant simulacrum (Vaults:1)
  23 slime creatures
  5 bog bodies
  10 hornets
  3 spectral tarantellas (Spider:4)
  9 tyrant leeches
  2 spectral jumping spiders (Spider:4)
  8 blink frogs
  14 tarantella zombies
  6 hippogriffs
  3 jumping spider zombies (Spider:4)
  4 alligator zombies (Swamp:4)
  32 tarantellas
  7 spriggans
  3 shadows
  4 wraiths
  2 wyverns
  84 redbacks
  4 steam dragons
  35 yaks
  A vampire (D:12)
  16 humans
  A hungry ghost (D:14)
  2 basilisks
  5 hogs (Lair:4)
  17 vampire mosquitoes
  Menkaure (D:5)
  16 swamp worms
  Edmund (D:5)
  A soldier ant (D:14)
  6 wargs
  5 porcupines
  13 water moccasins
  3 hell hounds (Lair:6)
  34 orc warriors
  6 swamp drakes
  17 ice beasts
  2 sky beasts
  A hornet zombie (Spider:4)
  3 phantoms
  3 black bears (D:9)
  13 ogres
  3 slaves
  7 boggarts
  11 necrophages
  13 centaurs
  16 crocodiles
  9 wolves
  5 big kobolds
  3 elf zombies
  4 gnoll sergeants
  Blork the orc (D:5)
  13 bullfrogs
  An elf skeleton (D:6)
  2 wyvern zombies
  A water moccasin zombie (D:8)
  6 scorpions
  54 killer bees
  4 spriggan skeletons (D:10)
  11 wights
  9 howler monkeys
  A troll skeleton (D:10)
  3 electric eels
  7 crimson imps
  5 lava snakes (Lair:6)
  5 centaur zombies
  2 bullfrog zombies
  2 quasits (D:12)
  3 bullfrog skeletons
  5 hounds
  6 jellies
  22 orc priests
  6 centaur skeletons
  2 iguanas
  An iron imp (D:7)
  38 orc wizards
  A water moccasin simulacrum (D:8)
  Terence (D:2)
  10 worker ants
  A big kobold zombie (Ossuary)
  2 ogre zombies (Ossuary)
  A hound skeleton (D:6)
  7 mummies (Ossuary)
  2 howler monkey zombies (D:6)
  11 adders
  18 gnolls
  5 shadow imps
  3 white imps (D:8)
  A worker ant simulacrum (D:8)
  3 oozes
  3 adder zombies (Ossuary)
  7 leopard geckos
  82 orcs
  2 ball pythons
  5 bats
  4 giant cockroaches
  9 goblins
  6 hobgoblins
  12 jackals
  26 kobolds
  3 quokkas
  11 frilled lizards
  4 goblin skeletons (D:7)
  4 goblin zombies
  5 hobgoblin zombies (Ossuary)
  A kobold skeleton (D:7)
  4 kobold zombies
  A leopard gecko skeleton (D:5)
  4 orc skeletons
  3 orc zombies
  5 quokka zombies (Ossuary)
  6 rats
  5 rat zombies (Ossuary)
  A bush (D:12)
  3 plants
1382 creatures vanquished.

Vanquished Creatures (others)
  An orb spider (Spider:1)
  A spectral jumping spider (Spider:4)
  A human (Lair:5)
  A swamp worm (Swamp:4)
  A swamp drake (Swamp:1)
  A slave (D:8)
  2 orcs
  62 fungi
  27 plants
97 creatures vanquished.

Grand Total: 1479 creatures vanquished

Notes
Turn   | Place    | Note
-------+----------+-------------------------------------------
     0 | D:1      | mopl the Barachi Transmuter began the quest for the Orb.
     0 | D:1      | Reached XP level 1. HP: 15/15 MP: 3/3
   253 | D:1      | Reached XP level 2. HP: 19/21 MP: 3/5
   257 | D:1      | Learned a level 2 spell: Sticks to Snakes
   298 | D:1      | Reached skill level 4 in Unarmed Combat
   389 | D:1      | Reached XP level 3. HP: 23/26 MP: 4/6
   394 | D:1      | Learned a level 3 spell: Spider Form
  1032 | D:2      | Noticed Terence
  1048 | D:2      | Killed Terence
  1048 | D:2      | Reached skill level 3 in Transmutations
  1048 | D:2      | Reached XP level 4. HP: 23/32 MP: 3/7
  1164 | D:2      | Reached skill level 1 in Poison Magic
  1236 | D:2      | Noticed a phantom
  1274 | D:2      | Killed a phantom
  1274 | D:2      | Reached skill level 5 in Unarmed Combat
  1274 | D:2      | Reached XP level 5. HP: 20/37 MP: 9/9
  1860 | D:3      | Noticed a water elemental
  1862 | D:3      | Found a stormy altar of Qazlal.
  1866 | D:3      | Noticed an air elemental
  1867 | D:3      | Noticed a fire elemental
  1879 | D:3      | Learned a level 4 spell: Ice Form
  1960 | D:3      | Reached skill level 2 in Poison Magic
  2076 | D:3      | Found a faded altar of an unknown god.
  2238 | D:3      | Reached skill level 3 in Spellcasting
  2256 | D:4      | Reached XP level 6. HP: 24/43 MP: 6/10
  2524 | D:4      | Reached skill level 1 in Ice Magic
  2589 | D:4      | Found Poklig's Antique Weapon Boutique.
  2594 | D:4      | Found a basalt altar of Yredelemnul.
  2682 | D:4      | Reached skill level 4 in Transmutations
  2862 | D:4      | Reached skill level 6 in Unarmed Combat
  2902 | D:4      | Reached skill level 2 in Ice Magic
  3120 | D:4      | Reached XP level 7. HP: 43/48 MP: 4/11
  3599 | D:5      | Entered Level 5 of the Dungeon
  3648 | D:5      | Reached skill level 7 in Unarmed Combat
  3648 | D:5      | Reached skill level 3 in Ice Magic
  3878 | D:5      | Reached skill level 5 in Transmutations
  3906 | D:5      | Reached XP level 8. HP: 41/54 MP: 6/12
  4067 | D:5      | Reached skill level 4 in Ice Magic
  4086 | D:5      | Found an ancient bone altar of Kikubaaqudgha.
  4086 | D:5      | Found a hide-covered altar of Uskayaw.
  4099 | D:5      | Noticed Menkaure
  4101 | D:5      | Noticed Edmund
  4112 | D:5      | Killed Menkaure
  4112 | D:5      | Reached skill level 8 in Unarmed Combat
  4208 | D:5      | Killed Edmund
  4335 | D:5      | Noticed Blork the orc
  4335 | D:5      | Reached skill level 6 in Transmutations
  4648 | D:5      | Killed Blork the orc
  4648 | D:5      | Reached skill level 9 in Unarmed Combat
  4775 | D:6      | Reached XP level 9. HP: 59/59 MP: 6/13
  4854 | D:6      | Reached skill level 10 in Unarmed Combat
  4863 | D:6      | Reached skill level 7 in Transmutations
  5132 | D:6      | Found a sand-covered staircase.
  5138 | Ossuary  | Entered an ossuary
  5452 | Ossuary  | Learned a level 5 spell: Blade Hands
  5964 | Ossuary  | Reached skill level 2 in Fighting
  5976 | Ossuary  | Reached skill level 11 in Unarmed Combat
  6094 | D:6      | Reached skill level 3 in Dodging
  6529 | D:7      | Reached skill level 8 in Transmutations
  6590 | D:7      | Reached skill level 3 in Fighting
  6590 | D:7      | Reached XP level 10. HP: 55/70 MP: 14/14
  6667 | D:7      | Found a staircase to the Ecumenical Temple.
  6677 | Temple   | Entered the Ecumenical Temple
  6913 | D:7      | Reached skill level 4 in Dodging
  7429 | D:7      | Found a glowing golden altar of the Shining One.
  7436 | D:7      | Reached skill level 4 in Fighting
  7614 | D:8      | Noticed Pikel
  7904 | D:8      | Reached skill level 1 in Throwing
  8024 | D:8      | Paralysed by Pikel for 5 turns
  8034 | D:7      | Killed Pikel
  8034 | D:7      | Reached skill level 12 in Unarmed Combat
  8526 | D:7      | Reached skill level 2 in Throwing
  8526 | D:7      | Reached skill level 5 in Dodging
  8850 | D:8      | Reached skill level 5 in Fighting
  9237 | D:8      | Reached skill level 9 in Transmutations
  9572 | D:8      | Reached XP level 11. HP: 61/80 MP: 15/15
  9844 | D:8      | Noticed a two-headed ogre
  9856 | D:8      | Killed a two-headed ogre
  9856 | D:8      | Reached skill level 3 in Throwing
  9902 | D:8      | Noticed Maurice
  9918 | D:8      | Killed Maurice
  9918 | D:8      | Reached skill level 6 in Dodging
  9976 | D:8      | Noticed Gastronok
  9989 | D:8      | Killed Gastronok
  9989 | D:8      | Reached skill level 6 in Fighting
  9989 | D:8      | Reached skill level 4 in Throwing
  9989 | D:8      | Reached skill level 13 in Unarmed Combat
 10191 | D:8      | Found a shadowy altar of Dithmenos.
 10191 | D:8      | Found a snail-covered altar of Cheibriados.
 10196 | D:8      | Found a shattered altar of Ashenzari.
 10199 | D:8      | Became a worshipper of Cheibriados the Contemplative
 10202 | D:8      | Found a deep blue altar of Sif Muna.
 10204 | D:8      | Found a sacrificial altar of Ru.
 10347 | D:9      | Reached skill level 1 in Invocations
 10410 | D:9      | Reached * piety under Cheibriados
 10415 | D:9      | Reached skill level 2 in Invocations
 10659 | D:9      | Reached skill level 7 in Fighting
 10911 | D:9      | Found a staircase to the Lair.
 10943 | D:9      | Reached ** piety under Cheibriados
 11308 | D:9      | Found a sparkling altar of Nemelex Xobeh.
 11322 | D:9      | Reached skill level 7 in Dodging
 11547 | D:9      | Reached skill level 3 in Invocations
 11807 | D:10     | Entered Level 10 of the Dungeon
 11849 | D:10     | Reached XP level 12. HP: 89/91 MP: 16/16
 11950 | D:10     | Reached *** piety under Cheibriados
 11992 | D:10     | Reached skill level 5 in Throwing
 12480 | D:10     | Noticed a six-headed hydra
 12488 | D:10     | Killed a six-headed hydra
 12488 | D:10     | Reached skill level 14 in Unarmed Combat
 12488 | D:10     | Reached skill level 4 in Invocations
 12980 | D:11     | Reached **** piety under Cheibriados
 13079 | D:11     | Noticed a two-headed ogre
 13085 | D:11     | Killed a two-headed ogre
 13151 | D:11     | Reached skill level 8 in Fighting
 13202 | D:11     | Noticed a two-headed ogre
 13208 | D:11     | Killed a two-headed ogre
 13208 | D:11     | Reached skill level 5 in Invocations
 13285 | D:11     | Reached skill level 8 in Dodging
 13464 | Lair:1   | Entered Level 1 of the Lair of Beasts
 13484 | Lair:1   | Learned a level 1 spell: Confusing Touch
 13690 | Lair:1   | Noticed 4thArraOfDagon's ghost (novice FeAE)
 13699 | Lair:1   | Killed 4thArraOfDagon's ghost
 13837 | Lair:1   | Reached skill level 6 in Throwing
 13837 | Lair:1   | Reached skill level 1 in Hexes
 14333 | Lair:2   | Noticed Fannar
 14343 | Lair:2   | Killed Fannar
 14358 | Lair:2   | Found a frozen archway.
 14369 | IceCv    | Entered an ice cave
 14400 | IceCv    | Gained mutation: You can hop long distances. [Barachi growth]
 14400 | IceCv    | Reached XP level 13. HP: 81/99 MP: 14/18
 14541 | IceCv    | Reached skill level 2 in Hexes
 14550 | IceCv    | Reached skill level 6 in Invocations
 14634 | IceCv    | Noticed an ice dragon
 14634 | IceCv    | Noticed an ice dragon
 14645 | IceCv    | Killed an ice dragon
 14952 | IceCv    | Killed an ice dragon
 14987 | IceCv    | Got a slimy copper ring
 15079 | IceCv    | Identified the ring "Funidghaa" {MP+9 Dex+6} (You found it in an ice cave)
 15150 | Lair:1   | Learned a level 4 spell: Petrify
 15389 | Lair:2   | Reached skill level 4 in Spellcasting
 16256 | Lair:3   | Reached skill level 9 in Fighting
 16303 | Lair:3   | Found a staircase to the Swamp.
 16671 | Lair:4   | Reached ***** piety under Cheibriados
 16671 | Lair:4   | Reached skill level 15 in Unarmed Combat
 16671 | Lair:4   | Reached skill level 3 in Hexes
 16671 | Lair:4   | Reached skill level 1 in Earth Magic
 16903 | Lair:4   | Noticed Josephine
 16928 | Lair:3   | Killed Josephine
 17382 | Lair:4   | Found a hole to the Spider Nest.
 17638 | Lair:4   | Reached skill level 7 in Invocations
 17642 | Lair:4   | Reached skill level 2 in Earth Magic
 17671 | Lair:3   | HP: 5/101 [poisoned by a killer bee]
 17676 | Lair:3   | HP: 4/101 [poisoned by a killer bee]
 17682 | Lair:3   | HP: 2/101 [poisoned by a killer bee]
 17688 | Lair:3   | HP: 2/101 [poisoned by a killer bee]
 17695 | Lair:3   | HP: 2/101 [poisoned by a killer bee]
 17700 | Lair:3   | HP: 2/101 [poisoned by a killer bee]
 17706 | Lair:3   | HP: 3/101 [poisoned by a killer bee]
 17712 | Lair:3   | HP: 3/101 [poisoned by a killer bee]
 17718 | Lair:3   | HP: 4/101 [poisoned by a killer bee]
 18587 | Lair:5   | Reached skill level 9 in Dodging
 18655 | Lair:5   | Noticed Kirke
 18667 | Lair:4   | Reached skill level 7 in Throwing
 18881 | Lair:4   | Killed Kirke
 18881 | Lair:4   | Reached XP level 14. HP: 79/108 MP: 11/21
 18913 | Lair:5   | Reached skill level 4 in Hexes
 19174 | Lair:5   | Reached skill level 5 in Spellcasting
 19283 | Lair:5   | Reached skill level 3 in Earth Magic
 19473 | Lair:5   | Found a staircase to the Slime Pits.
 19643 | Lair:6   | Entered Level 6 of the Lair of Beasts
 19790 | Lair:6   | Reached skill level 8 in Invocations
 19790 | Lair:6   | Reached skill level 1 in Evocations
 20117 | Lair:6   | Reached ****** piety under Cheibriados
 20295 | Lair:6   | Reached skill level 10 in Fighting
 20303 | Lair:6   | Reached skill level 2 in Evocations
 20312 | Lair:6   | Reached skill level 5 in Hexes
 20424 | Lair:6   | Reached skill level 4 in Earth Magic
 20606 | Lair:6   | Found a large runed door.
 20607 | Lair:6   | Found a large runed door.
 20649 | Lair:6   | Reached skill level 16 in Unarmed Combat
 21256 | Lair:1   | Learned a level 5 spell: Yara's Violent Unravelling
 21378 | D:12     | Noticed Nessos
 21380 | D:12     | Killed Nessos
 21381 | D:12     | Reached XP level 15. HP: 112/116 MP: 12/23
 21416 | D:12     | Reached skill level 6 in Spellcasting
 21444 | D:12     | Found a blossoming altar of Fedhas.
 21543 | D:12     | Found a staircase to the Orcish Mines.
 21636 | D:12     | Found Ijajok's General Store.
 21639 | D:12     | Bought a cursed amulet of inaccuracy for 26 gold pieces
 21639 | D:12     | Bought a scroll of identify for 26 gold pieces
 21663 | D:12     | Reached skill level 3 in Evocations
 21690 | D:12     | Noticed Sonja
 21698 | D:12     | Noticed Sonja
 21698 | D:12     | Sonja changed into Sonja the basilisk
 21706 | D:12     | Killed Sonja the basilisk
 21973 | D:12     | Reached skill level 10 in Dodging
 22264 | Orc:1    | Entered Level 1 of the Orcish Mines
 22268 | Orc:1    | Reached skill level 9 in Invocations
 22278 | Orc:1    | Reached skill level 8 in Throwing
 22280 | Orc:1    | Noticed an orc warlord
 22299 | D:12     | Killed an orc warlord
 22454 | Orc:1    | Found Jeyxul's Magic Scroll Shop.
 22468 | Orc:1    | Bought a scroll of teleportation for 42 gold pieces
 22468 | Orc:1    | Bought a scroll of fear for 49 gold pieces
 22468 | Orc:1    | Bought a scroll of teleportation for 42 gold pieces
 22468 | Orc:1    | Bought a scroll of teleportation for 42 gold pieces
 22468 | Orc:1    | Bought a scroll of identify for 28 gold pieces
 22960 | Orc:2    | Entered Level 2 of the Orcish Mines
 22960 | Orc:2    | Found a roughly hewn altar of Beogh.
 22963 | Orc:2    | Found Reaklyde's Gadget Shop.
 22964 | Orc:2    | Found Naviuvef's Magic Scroll Shop.
 22972 | Orc:2    | Bought a scroll of blinking for 105 gold pieces
 23060 | Orc:2    | Found a staircase to the Elven Halls.
 23207 | Orc:2    | Found Immituw's Magic Scroll Emporium.
 23219 | Orc:2    | Bought a scroll of blinking for 97 gold pieces
 23219 | Orc:2    | Bought a scroll of fear for 45 gold pieces
 23219 | Orc:2    | Bought a scroll of fog for 26 gold pieces
 23219 | Orc:2    | Bought a scroll of teleportation for 39 gold pieces
 23307 | Orc:2    | Found Nogi's Magic Scroll Emporium.
 23313 | Orc:2    | Bought a scroll of fog for 28 gold pieces
 23313 | Orc:2    | Bought a scroll of teleportation for 42 gold pieces
 23561 | Orc:2    | Found Cureugh's General Store.
 23571 | Orc:2    | Bought a scroll of fear for 45 gold pieces
 23571 | Orc:2    | Bought a scroll of fear for 45 gold pieces
 23845 | Orc:2    | Reached skill level 5 in Earth Magic
 23880 | Orc:2    | Reached skill level 7 in Spellcasting
 23896 | Orc:2    | Reached skill level 4 in Evocations
 23961 | Orc:2    | Found Loohagg's Antique Weapon Shoppe.
 23961 | Orc:2    | Found Waasef's Food Shop.
 23963 | Orc:2    | Found Teulilal's Armour Shoppe.
 23963 | Orc:2    | Found Ruimixkino's General Store.
 23973 | Orc:2    | Bought a scroll of magic mapping for 63 gold pieces
 23973 | Orc:2    | Bought a scroll of fog for 36 gold pieces
 23973 | Orc:2    | Bought a potion of curing for 54 gold pieces
 24538 | D:13     | Found Kuatyt's Magic Scroll Boutique.
 24538 | D:13     | Found Hapovvim's Gadget Boutique.
 24540 | D:13     | Found Ipnoneiph's Food Boutique.
 24540 | D:13     | Found Komudicil's Food Boutique.
 24543 | D:13     | Bought a scroll of blinking for 142 gold pieces
 24654 | D:13     | Noticed Urug
 24670 | D:13     | Killed Urug
 25644 | D:14     | Found a gate to the Vaults.
 25884 | D:14     | Reached skill level 11 in Fighting
 26009 | D:14     | Reached XP level 16. HP: 125/125 MP: 27/27
 27007 | D:15     | Entered Level 15 of the Dungeon
 27018 | D:15     | Reached skill level 8 in Spellcasting
 27023 | D:15     | Reached skill level 10 in Invocations
 27101 | D:10     | Reached skill level 5 in Evocations
 27169 | Lair:1   | Learned a level 5 spell: Irradiate
 27473 | D:15     | Reached skill level 1 in Conjurations
 27590 | D:15     | Reached skill level 10 in Transmutations
 27694 | D:15     | Reached skill level 17 in Unarmed Combat
 28078 | D:15     | Found a staircase to the Depths.
 28343 | Spider:1 | Entered Level 1 of the Spider Nest
 28418 | Spider:1 | Reached skill level 2 in Conjurations
 28452 | Spider:1 | Reached skill level 9 in Throwing
 28501 | Spider:1 | Got a twisted chain mail
 29098 | Spider:2 | Reached skill level 3 in Conjurations
 29413 | Spider:2 | Noticed Asterion
 29422 | Spider:2 | Killed Asterion
 29422 | Spider:2 | Reached XP level 17. HP: 83/133 MP: 14/29
 29513 | Spider:2 | Reached skill level 11 in Invocations
 29518 | Spider:2 | Reached skill level 9 in Spellcasting
 29533 | Spider:2 | Reached skill level 4 in Conjurations
 29844 | Spider:3 | Reached skill level 12 in Fighting
 29963 | Spider:3 | Identified the +2 chain mail of the Ships {Str+6} (You found it on level 1 of the Spider Nest)
 30573 | Spider:3 | Reached skill level 11 in Transmutations
 30837 | Spider:3 | Reached skill level 5 in Conjurations
 31063 | Spider:4 | Entered Level 4 of the Spider Nest
 31084 | Spider:3 | Reached skill level 10 in Throwing
 31271 | Spider:4 | Reached skill level 12 in Invocations
 31510 | Spider:4 | Noticed Agnes
 31515 | Spider:4 | Killed Agnes
 31557 | Spider:4 | Reached skill level 10 in Spellcasting
 31830 | Spider:4 | Reached XP level 18. HP: 119/140 MP: 23/32
 32553 | Spider:4 | Got a gossamer rune of Zot
 32793 | Lair:1   | Learned a level 6 spell: Hydra Form
 32796 | Lair:1   | Learned a level 2 spell: Passwall
 32872 | Swamp:1  | Entered Level 1 of the Swamp
 33029 | Swamp:1  | Reached skill level 12 in Transmutations
 33729 | Swamp:2  | Reached skill level 6 in Evocations
 34331 | Swamp:3  | Reached skill level 13 in Invocations
 34787 | Swamp:3  | Got a pair of steaming gloves
 34800 | Swamp:3  | Identified the +2 pair of gloves "Mytel" {rPois SInv} (You found it on level 3 of the Swamp)
 34825 | Swamp:3  | Identified the +8 broad axe "Killer Bee's Doom" {flame, rElec rF- MR+} (You found it on level 3 of the Swamp)
 34932 | Swamp:4  | Entered Level 4 of the Swamp
 34935 | Swamp:4  | Reached skill level 11 in Throwing
 35795 | Vaults:1 | Entered Level 1 of the Vaults
 35915 | Vaults:1 | Reached XP level 19. HP: 114/148 MP: 14/33
 36068 | Vaults:1 | Reached skill level 18 in Unarmed Combat
 36076 | Vaults:1 | Reached skill level 13 in Fighting
 36078 | Vaults:1 | Reached skill level 11 in Dodging
 36310 | Vaults:1 | Reached skill level 7 in Evocations
 36383 | Vaults:1 | Reached skill level 11 in Spellcasting
 36898 | Vaults:1 | Shot with an arrow by a deep elf archer

Skill      XL: |  1  2  3  4  5  6  7  8  9 10 11 12 13 14 15 16 17 18 19 |
---------------+----------------------------------------------------------+-----
Unarmed Combat | 4 5 6 7 9 11 12 13 14 15 16 17 18 | 18.1
Transmutations | 3 4 5 6 8 9 10 11 12 | 12.0
Poison Magic   | 1 2 |  2.0
Spellcasting   | 3 4 5 7 8 10 11 | 11.1
Ice Magic      | 2 3 4 |  4.0
Fighting       | 3 5 7 8 9 10 11 12 13 | 13.2
Dodging        | 3 5 7 8 9 10 11 | 11.2
Throwing       | 2 4 6 7 8 9 10 11 | 11.4
Invocations    | 3 5 7 8 9 10 12 13 | 13.7
Hexes          | 1 3 5 |  5.0
Earth Magic    | 2 4 5 |  5.0
Evocations     | 2 4 5 6 7 |  7.3
Conjurations   | 3 5 |  5.0

Action                   |  1- 3 |  4- 6 |  7- 9 | 10-12 | 13-15 | 16-18 | 19-21 || total
-------------------------+-------+-------+-------+-------+-------+-------+-------++-------
Melee: Unarmed           |   105 |   161 |   426 |   663 |   986 |  1072 |   127 ||  3540
       Headbutt          |     6 |       |       |       |       |       |       ||     6
       Punch             |     3 |     1 |     6 |    15 |   100 |   150 |    18 ||   293
       Kick              |     2 |       |       |       |       |       |       ||     2
Throw: Tomahawk          |       |       |     5 |     3 |    23 |    83 |    20 ||   134
 Cast: Beastly Appendage |    12 |       |       |       |       |       |       ||    12
       Spider Form       |     2 |    20 |    17 |    21 |     1 |       |       ||    61
       Ice Form          |       |     1 |    10 |    37 |    40 |       |     1 ||    89
       Sticks to Snakes  |       |       |     6 |       |       |       |       ||     6
       Blade Hands       |       |       |       |     8 |    40 |    67 |     4 ||   119
       Yara's Violent Un |       |       |       |       |     3 |     1 |       ||     4
       Irradiate         |       |       |       |       |       |     1 |       ||     1
       Hydra Form        |       |       |       |       |       |    14 |     5 ||    19
       Passwall          |       |       |       |       |       |     2 |       ||     2
Invok: Slouch            |       |       |       |     2 |     4 |     8 |     1 ||    15
       Temporal Distorti |       |       |       |       |     2 |     6 |     2 ||    10
 Abil: End Transformatio |       |     5 |     2 |    15 |    29 |    12 |     4 ||    67
       Hop               |       |       |     1 |     2 |     5 |     3 |       ||    11
Evoke: Wand              |       |       |       |     8 |     8 |     9 |     2 ||    27
  Use: Scroll            |       |     8 |    10 |     6 |    13 |     8 |     1 ||    46
       Potion            |       |       |     4 |     4 |     2 |     2 |     4 ||    16
 Stab: Sleeping          |       |       |     4 |     1 |     5 |     4 |       ||    14
       Distracted        |       |       |     1 |       |     2 |     3 |     1 ||     7
       Paralysed         |       |       |       |     7 |       |     3 |       ||    10
       Invisible         |       |       |       |       |     4 |       |       ||     4
       Held in net/web   |       |       |       |       |       |     1 |       ||     1
       Confused          |       |       |       |       |       |     1 |       ||     1
  Eat: Chunk             |     1 |    12 |    11 |    26 |    39 |    22 |       ||   111
       Ration            |       |       |     2 |     2 |     1 |     2 |       ||     7
Armor: Robe              |    18 |    21 |    24 |    19 |    49 |     9 |       ||   140
       Skin              |       |     5 |    36 |    63 |    42 |    11 |     6 ||   163
       Troll leather arm |       |       |       |       |    19 |    79 |     6 ||   104
Dodge: Dodged            |    74 |   122 |   186 |   435 |   900 |  1144 |   115 ||  2976
